AoeStats
← Santísima TRINIDAD

Arabia

510244299Analyzed
2v2 RM · 1d ago on Sep 30, 2026· 45m 25s· 4 players
Game mode
Random Map
Map size
Medium (4 player)
Population
200
Speed
Normal
Resources
Standard
Victory
Conquest
Starting age
Dark Age
Ending age
Imperial Age
RankedLock teamsTeams togetherTeam positionsShared explorationLock speedFull tech treeHidden civsTurbo modeCheats
Victory
Defeat
🇵🇪 Spanish · Peru
979
+10
🇺🇾 Franks · Uruguay
924
+12
🇦🇷 Mongols · Argentina
855
-12
🇦🇷 Franks · Argentina
812
-10
fraso415
4:36 Loom
10:39 Feudal Age
11:18 Double-Bit Axe
18:34 Castle Age
18:53 Scale Barding Armor
20:19 Forging
23:12 Gold Mining
31:10 Wheelbarrow
32:11 Bow Saw
34:17 Hand Cart
33:42 Pikeman
34:59 Gold Shaft Mining
35:20 Stone Mining
36:14 Scale Mail Armor
37:09 Padded Archer Armor
37:00 Fletching
39:59 Imperial Age
37:35 Gambesons
40:07 Fortified Wall
40:18 Ballistics
40:09 Halberdier
41:20 Masonry
41:47 Squires
41:38 Arson
41:16 Ordonnance Companies
43:00 Chemistry
44:16 Chain Mail Armor
43:57 Bodkin Arrow
43:47 Elite Throwing Axeman
Santísima TRINIDAD
9:30 Feudal Age
14:56 Castle Age
16:05 Double-Bit Axe
16:04 Horse Collar
23:50 Gold Mining
33:28 Imperial Age
31:17 Forging
31:07 Scale Mail Armor
31:31 Heavy Plow
32:15 Bow Saw
31:54 Pikeman
32:20 Gambesons
32:36 Squires
35:02 Halberdier
36:27 Iron Casting
36:07 Chain Mail Armor
36:51 Scale Barding Armor
38:24 Stone Mining
38:49 Padded Archer Armor
39:49 Blast Furnace
40:10 Leather Archer Armor
39:45 Fletching
42:41 Wheelbarrow
42:41 Plate Mail Armor
42:42 Ring Archer Armor
isaiasQ0
12:12 Feudal Age
12:44 Double-Bit Axe
20:35 Castle Age
21:17 Bloodlines
21:38 Scale Barding Armor
22:44 Bow Saw
27:19 Gold Mining
27:20 Stone Mining
27:54 Forging
28:00 Husbandry
30:18 Iron Casting
30:06 Chain Barding Armor
34:57 Imperial Age
34:20 Iron Casting
35:22 Gold Shaft Mining
35:25 Stone Shaft Mining
36:28 Heavy Camel Rider
37:04 Horse Collar
40:05 Town Watch
40:56 Wheelbarrow
41:36 Elite Mangudai
Flokeano
2:55 Loom
11:43 Feudal Age
13:21 Double-Bit Axe
18:07 Forging
20:03 Castle Age
18:59 Gold Mining
19:20 Scale Barding Armor
20:08 Town Watch
22:55 Iron Casting
24:24 Chain Barding Armor
36:06 Husbandry
44:50 Bow Saw
Connection lost

Rejoining the realm…

Still unreachable

The connection could not be restored.

Session expired

The server has moved on; the page needs a fresh start.